 Dungeon Crawl Stone Soup version 0.25.1-8-g42b30a86e7 (webtiles) character file.

Game seed: 17205228033702722942

2845 hehateme the Fighter (level 9, -9/144 HPs)
             Began as an Ogre Fighter on Dec 14, 2020.
             Was an Initiate of Okawaru.
             Mangled by a death yak (19 damage)
             ... on level 7 of the Dungeon.
             The game lasted 00:22:36 (12451 turns).

hehateme the Fighter (Ogre Fighter)                Turns: 12451, Time: 00:22:37

Health: -9/144     AC:  9    Str: 23 (25) XL:     9   Next: 74%
Magic:  9/9        EV: 10    Int:  7 (9)  God:    Okawaru [......]
Gold:   163        SH: 10    Dex:  5 (8)  Spells: 8/8 levels left

rFire    . . .     SeeInvis .   y - +2 whip (freeze)
rCold    . . .     Gourm    .   c - +0 kite shield
rNeg     . . .     Faith    .   s - +2 acid dragon scales
rPois    .         Spirit   .   (helmet restricted)
rElec    .         Reflect  .   (no cloak)
rCorr    +         Harm     .   (gloves unavailable)
MR       .....                  (boots unavailable)
Stlth    ..........             (no amulet)
HPRegen  0.34/turn              (no ring)
MPRegen  0.11/turn              (no ring)

@: berserking, flying, very slightly contaminated, invisible, very quick
A: large, unfitting armour, tough skin 1
a: Renounce Religion


You were on level 7 of the Dungeon.
You worshipped Okawaru.
Okawaru was noncommittal.
You were hungry.

You visited 2 branches of the dungeon, and saw 9 of its levels.

You collected 326 gold pieces.
You spent 163 gold pieces at shops.

Inventory:

Hand Weapons
 a - a +0 flail
 x - the +2 mace of Experimentation {pain, MR++}
   (You found it on level 4 of the Dungeon)

   In the hands of one skilled in necromantic magic, it inflicts extra damage on
   living creatures.
   It affects your resistance to hostile enchantments.
 y - a +2 whip of freezing (weapon)
   (You took it off Pikel on level 6 of the Dungeon)
Missiles
 o - 133 stones
 u - 36 poisoned darts (quivered)
 z - a throwing net {=f, !d}
Armour
 b - a +0 robe
 c - a +0 kite shield (worn)
 h - a +2 robe of resistance
   (You took it off Pikel on level 6 of the Dungeon)
 s - +2 acid dragon scales (worn)
   (You took it off Maggie on level 6 of the Dungeon)
Jewellery
 d - an uncursed ring of protection from cold {unknown}
   (You found it on level 2 of the Dungeon)
 l - an uncursed ring of protection from fire {unknown}
   (You found it on level 6 of the Dungeon)
 n - an uncursed ring of protection from cold {unknown}
   (You found it on level 2 of the Dungeon)
Wands
 i - a wand of random effects (7)
   (You found it on level 5 of the Dungeon)
Scrolls
 e - 5 scrolls of identify
 k - a scroll of enchant weapon
 q - a scroll of teleportation
 w - a scroll of enchant armour {unknown}
 B - a scroll of amnesia
 C - a scroll of holy word {unknown}
Potions
 g - a potion of mutation {unknown}
 j - a potion of curing
 p - 3 potions of invisibility
 r - a potion of degeneration {!q}
 t - a potion of ambrosia
 v - a potion of flight
Comestibles
 f - 8 rations


   Skills:
 - Level 8.1 Fighting
 - Level 4.3 Maces & Flails
 - Level 3.5 Throwing
 + Level 2.9 Armour
 - Level 5.3 Dodging
 - Level 8.0 Shields


You had 8 spell levels left.
You didn't know any spells.
Your spell library was empty.

Dungeon Overview and Level Annotations

Branches:
Dungeon (8/15)             Temple (1/1) D:7            Lair (0/6) D:8

Altars:
Ashenzari
Cheibriados
Dithmenos
Elyvilon
Gozag
Hepliaklqana
Kikubaaqudgha
Makhleb
Nemelex Xobeh
Okawaru
Qazlal
Ru
Sif Muna
Trog
Uskayaw
Vehumet
Wu Jian
Xom
Yredelemnul
Zin
The Shining One

Shops:
D:4 *   D:5 !   D:7 }

Annotations:
D:4 1 runed translucent door, Crazy Yiuf


Innate Abilities, Weirdness & Mutations

You are too large for most types of armour.
You have tough skin. (AC +1)


Message History

You block the adder zombie's attack.
You hit the adder zombie. You block the adder zombie's attack.
The phantom blinks!
You hit the adder zombie but do no damage.
The adder zombie closely misses you.
You hit the adder zombie. You block the adder zombie's attack.
The phantom hits you!
The phantom blinks!
You take 7 damage, and have 80/96 hp.
You hit the adder zombie. The adder zombie closely misses you.
You barely miss the adder zombie. The adder zombie closely misses you.
You barely miss the adder zombie.
The adder zombie bites you but does no damage.
You hit the adder zombie.
The adder zombie bites you but does no damage.
You hit the adder zombie.
You destroy the adder zombie!
Okawaru accepts your kill.
The phantom hits you but does no damage.
You hit the phantom. You hit the phantom. The phantom closely misses you.
You closely miss the phantom. You block the phantom's attack.
You closely miss the phantom. You block the phantom's attack.
You hit the phantom.
The phantom hits you but does no damage.
You miss the phantom.
You hear the faint creaking of a distant portcullis.
The phantom blinks!
The phantom blinks!
You barely miss the phantom. The phantom barely misses you.
You hit the phantom. The phantom hits you.
You take 2 damage, and have 82/96 hp.
You whack the phantom! The phantom hits you.
You take 3 damage, and have 79/96 hp.
You hit the phantom but do no damage. The phantom barely misses you.
You barely miss the phantom. The phantom closely misses you.
You barely miss the phantom. You closely miss the phantom.
The phantom hits you.
You take 3 damage, and have 76/96 hp.
You miss the phantom.
The phantom blinks!
A death yak comes into view.
The death yak bellows!
The phantom blinks!
A phantom is nearby!
The phantom closely misses you.
You hit the phantom.
The phantom hits you but does no damage.
You barely miss the phantom. You block the phantom's attack.
You completely miss the phantom.
The phantom blinks!
A hell rat comes into view.
A death yak comes into view.
The hell rat roars deafeningly!
The death yak bellows!
The phantom blinks!
A death yak comes into view.
There is a stone staircase leading up here.
The death yak bellows!
You hear an angry hiss.
The death yak gores you!
The phantom blinks!
You climb upwards.
There is a stone staircase leading down here.
You take 15 damage, and have 66/96 hp.
Okay, then.
It was a potion of degeneration.
There was something very wrong with that liquid.
You feel weakened.
You feel dopey.
You feel clumsy. You block the death yak's attack.
It was a potion of ambrosia.
You are confused.
You feel invigorated. The death yak gores you!
You take 4 damage, and have 63/96 hp.
It was a potion of flight.
You feel very buoyant.
You fly up into the air.
The death yak gores you!!
You take 20 damage, and have 43/96 hp.
MASSIVE DAMAGE!!
You hit the death yak but do no damage. The death yak gores you!
You take 11 damage, and have 32/96 hp.
You barely miss the death yak. The death yak gores you!
* * * LOW HITPOINT WARNING * * *
You take 9 damage, and have 23/96 hp.
You hit the death yak. You freeze the death yak.
The death yak completely misses you.
You regained 4 hp, and now have 27/96 hp.
You hit the death yak but do no damage. The death yak gores you!!
* * * LOW HITPOINT WARNING * * *
You take 19 damage, and have 8/96 hp.
It was a potion of invisibility.
You fade into invisibility!
You feel less invigorated.
You feel less confused. You block the death yak's attack.
You are very lightly contaminated with residual magic.
You regained 5 hp, and now have 13/96 hp.
There is a stone staircase leading up here.
It was a potion of berserk rage.
A red film seems to cover your vision as you go berserk!
You feel yourself moving faster!
You feel mighty! The death yak gores you!
* * * LOW HITPOINT WARNING * * *
You now have 9/144 hp.
You whack the death yak! You freeze the death yak. The death yak gores you!!
You die...

..........#...............∩#
.......[..#.........##.....#
....##....#.........####'###
#####....##....##)..#......#
#....##+#####.<.#......#
##'####......[..#......#
#...............#...(..#
#............Y..#......#
#...........@...#......#
#######....##...##.....#
##...##....#############
#....#.................#
#....#.................#
#....#.................#
#....#....._...........#
#....'.................#
#....#.................#


You could see a death yak.

Vanquished Creatures
  Pikel (D:6)
  Maggie (D:6)
  Prince Ribbit (D:7)
  Eustachio (D:6)
  A water moccasin (D:6)
  A slave (D:5)
  An ice beast (D:5)
  A phantom (D:4)
  A sky beast (D:4)
  3 ogres
  2 centaurs
  4 howler monkeys
  4 crimson imps
  2 hounds
  2 orc priests
  2 bullfrog skeletons
  3 orc wizards
  An iguana (D:8)
  A gnoll shaman (D:6)
  4 worker ants
  A worker ant zombie (D:5)
  8 gnolls
  7 adders
  A shadow imp (D:5)
  4 oozes
  An adder zombie (D:8)
  An adder skeleton (D:4)
  5 worms
  A dart slug (D:1)
  4 leopard geckos
  17 orcs
  2 ball pythons
  6 bats
  6 giant cockroaches
  2 goblins (D:3)
  A hobgoblin (D:3)
  6 jackals
  4 kobolds
  4 quokkas
  11 frilled lizards
  A quokka skeleton (D:5)
  3 rats
133 creatures vanquished.

Vanquished Creatures (others)
  Blork the orc (D:6)
  An ooze (D:6)
2 creatures vanquished.

Grand Total: 135 creatures vanquished

Notes
Turn   | Place    | Note
-------+----------+-------------------------------------------
     0 | D:1      | hehateme the Ogre Fighter began the quest for the Orb.
     0 | D:1      | Reached XP level 1. HP: 24/24 MP: 1/1
   176 | D:1      | Reached XP level 2. HP: 31/33 MP: 2/2
   449 | D:1      | Reached skill level 5 in Fighting
   647 | D:2      | HP: 7/35 [adder (5)]
   650 | D:2      | Reached XP level 3. HP: 35/42 MP: 3/3
  1251 | D:2      | Reached skill level 6 in Fighting
  1614 | D:2      | Found an iron altar of Okawaru.
  1616 | D:2      | Reached XP level 4. HP: 52/52 MP: 4/4
  1626 | D:2      | Found a glowing silver altar of Zin.
  1626 | D:2      | Found a bloodstained altar of Trog.
  2331 | D:2      | Reached skill level 7 in Fighting
  2331 | D:2      | Reached XP level 5. HP: 48/62 MP: 5/5
  2366 | D:3      | Found a shadowy altar of Dithmenos.
  2516 | D:3      | Found a sacrificial altar of Ru.
  3034 | D:3      | Reached skill level 8 in Fighting
  3564 | D:4      | Reached skill level 1 in Throwing
  3569 | D:4      | HP: 15/63 [poisoned by a worker ant]
  3575 | D:4      | HP: 12/63 [poisoned by a worker ant]
  3581 | D:4      | HP: 10/63 [poisoned by a worker ant]
  3586 | D:4      | HP: 9/63 [poisoned by a worker ant]
  3594 | D:4      | HP: 9/63 [poisoned by a worker ant]
  3877 | D:4      | Reached skill level 2 in Throwing
  3877 | D:4      | Reached XP level 6. HP: 60/72 MP: 6/6
  3981 | D:4      | Reached skill level 3 in Throwing
  4212 | D:4      | Found a snail-covered altar of Cheibriados.
  4325 | D:4      | Noticed a sky beast
  4392 | D:4      | HP: 16/72 [sky beast (5)]
  4393 | D:4      | HP: 7/72 [sky beast (6)]
  4405 | D:4      | Killed a sky beast
  4405 | D:4      | Reached skill level 2 in Maces & Flails
  4405 | D:4      | Reached XP level 7. HP: 37/80 MP: 7/7
  4726 | D:4      | Reached skill level 3 in Maces & Flails
  4946 | D:4      | Found Ulesacee's General Store.
  5563 | D:4      | Found a hide-covered altar of Uskayaw.
  5683 | D:4      | Found a runed translucent door.
  5684 | D:4      | Noticed Crazy Yiuf
  5973 | D:5      | Entered Level 5 of the Dungeon
  5990 | D:5      | Reached skill level 4 in Maces & Flails
  6220 | D:5      | Reached skill level 3 in Shields
  6226 | D:5      | Found Wesaom's Distillery.
  6229 | D:5      | Bought a potion of haste for 130 gold pieces
  6332 | D:6      | Found a glowing golden altar of the Shining One.
  6365 | D:6      | HP: 11/80 [ogre/+0 giant club (16)]
  6371 | D:6      | HP: 9/80 [poisoned by a water moccasin]
  6377 | D:5      | HP: 8/80 [poisoned by a water moccasin]
  6384 | D:5      | HP: 7/80 [poisoned by a water moccasin]
  6389 | D:5      | HP: 7/80 [poisoned by a water moccasin]
  6395 | D:5      | HP: 7/80 [poisoned by a water moccasin]
  6401 | D:5      | HP: 7/80 [poisoned by a water moccasin]
  6407 | D:5      | HP: 6/80 [poisoned by a water moccasin]
  6860 | D:4      | Got a transparent mace
  6861 | D:4      | Identified the cursed +2 mace of Experimentation {pain,
                  | MR++} (You found it on level 4 of the Dungeon)
  6973 | D:6      | HP: 11/80 [ogre/+0 giant club (13)]
  6974 | D:6      | Reached skill level 4 in Shields
  6974 | D:6      | Reached XP level 8. HP: 12/88 MP: 8/8
  7299 | D:6      | Noticed Blork the orc
  7299 | D:6      | Noticed Pikel
  7345 | D:6      | Killed Pikel
  7345 | D:6      | Reached skill level 6 in Shields
  7532 | D:6      | HP: 20/88 [something/puff of flame (7)]
  7825 | D:6      | Noticed Maggie
  8065 | D:6      | Killed Blork the orc
  8065 | D:6      | Reached skill level 7 in Shields
  8200 | D:6      | HP: 17/88 [Maggie/+0 war axe of distortion (9)]
  8204 | D:6      | Killed Maggie
  8204 | D:6      | Reached XP level 9. HP: 20/96 MP: 9/9
  8661 | D:5      | Reached skill level 8 in Shields
  8850 | D:5      | Reached skill level 3 in Dodging
  9016 | D:5      | HP: 21/96 [ice beast (13)]
  9024 | D:5      | HP: 11/96 [crimson imp (3)]
  9731 | D:6      | Reached skill level 4 in Dodging
  9905 | D:6      | Noticed Eustachio
 10384 | D:6      | Killed Eustachio
 10474 | D:6      | Found a shimmering blue altar of Sif Muna.
 10522 | D:7      | Found a staircase to the Ecumenical Temple.
 10531 | Temple   | Entered the Ecumenical Temple
 10881 | D:2      | Became a worshipper of Warmaster Okawaru
 11279 | D:4      | Bought a scroll of remove curse for 33 gold pieces
 11360 | D:7      | Reached skill level 5 in Dodging
 11480 | D:7      | Found a stormy altar of Qazlal.
 11779 | D:7      | Noticed Prince Ribbit
 11800 | D:7      | Killed Prince Ribbit
 11800 | D:7      | Reached skill level 2 in Armour
 12010 | D:7      | Found Boluiwet's Gadget Boutique.
 12043 | D:7      | Found a glowing golden altar of the Shining One.
 12412 | D:8      | Noticed a death yak
 12422 | D:8      | Noticed a death yak
 12427 | D:8      | Noticed a death yak
 12434 | D:7      | HP: 23/96 [death yak (14)]
 12436 | D:7      | HP: 8/96 [death yak (22)]
 12450 | D:7      | HP: 9/144 [death yak (16)]
 12451 | D:7      | Mangled by a death yak

Illustrated notes

Levels and vault maps discovered:
D:1:      nzn_arrival_crosshair, layout_loops_ring
D:2:      layout_basic, minitemple
D:3:      layout_loops_ring, grunt_dithmenos_smoke, hangedman_ru_absence,
          portal_sewer_entry_d, minmay_diced_spiral
D:4:      layout_cave_pods, cheibriados_altar_1, eat_drink_and_be_merry_uskayaw,
          serial_shops, shop, uniq_crazy_yiuf_cottage
D:5:      minmay_diamond_boxcup, layout_layer_cave, first_ration, serial_shops,
          kennysheep_mini
D:6:      layout_rooms, marbit_many_paths, serial_curves, eino_curves_04,
          eino_curves_01, eino_curves_03, tso_metal_star, uniq_blork_the_orc,
          uniq_maggie, uniq_eustachio, uniq_pikel
D:7:      layout_gridville, lemuel_doored_altar,
          minmay_temple_entry_antechambers, serial_shops, shop, basic_altar,
          dk_noncrumbling_4, uniq_prince_ribbit1
D:8:      layout_cave_pools, dpeg_lair_monsters, enter_bailey_7,
          grunt_livestock, minivault_27
Temple:   minmay_temple_bridge_abc

Skill      XL: |  1  2  3  4  5  6  7  8  9 |
---------------+----------------------------+-----
Fighting       | 5 6 7 8 |  8.1
Throwing       | 2 3 |  3.5
Maces & Flails | 2 4 |  4.3
Shields        | 4 7 8 |  8.0
Dodging        | 5 |  5.3
Armour         | 2 |  2.9

Action                   |  1- 3 |  4- 6 |  7- 9 || total
-------------------------+-------+-------+-------++-------
Melee: Flail             |   119 |   166 |    63 ||   348
       Mace              |       |       |   184 ||   184
       Whip              |       |       |   100 ||   100
Throw: Stone             |       |     4 |       ||     4
       Dart              |       |    18 |   143 ||   161
  Use: Potion            |     2 |     2 |     9 ||    13
       Scroll            |     2 |       |    10 ||    12
 Stab: Distracted        |       |       |     1 ||     1
  Eat: Chunk             |     2 |     9 |     8 ||    19
       Ration            |       |       |     5 ||     5
Armor: Robe              |    44 |    49 |    45 ||   138
       Skin              |       |     8 |       ||     8
       Acid dragon scale |       |       |    30 ||    30
Dodge: Dodged            |    59 |    57 |   131 ||   247
Block: Kite shield       |    70 |    63 |   181 ||   314

Levels and vault maps discovered:
D:1:      nzn_arrival_crosshair, layout_loops_ring
D:2:      layout_basic, minitemple
D:3:      layout_loops_ring, grunt_dithmenos_smoke, hangedman_ru_absence,
          portal_sewer_entry_d, minmay_diced_spiral
D:4:      layout_cave_pods, cheibriados_altar_1, eat_drink_and_be_merry_uskayaw,
          serial_shops, shop, uniq_crazy_yiuf_cottage
D:5:      minmay_diamond_boxcup, layout_layer_cave, first_ration, serial_shops,
          kennysheep_mini
D:6:      layout_rooms, marbit_many_paths, serial_curves, eino_curves_04,
          eino_curves_01, eino_curves_03, tso_metal_star, uniq_blork_the_orc,
          uniq_maggie, uniq_eustachio, uniq_pikel
D:7:      layout_gridville, lemuel_doored_altar,
          minmay_temple_entry_antechambers, serial_shops, shop, basic_altar,
          dk_noncrumbling_4, uniq_prince_ribbit1
D:8:      layout_cave_pools, dpeg_lair_monsters, enter_bailey_7,
          grunt_livestock, minivault_27
Temple:   minmay_temple_bridge_abc

Table legend:
 A = Turns spent in this place as a percentage of turns spent in the entire game.
 B = Non-inter-level travel turns spent in this place as a percentage of non-inter-level travel turns spent in the entire game.
 C = Inter-level travel turns spent in this place as a percentage of turns spent in this place.
 D = Turns resting spent in this place as a percentage of non-inter-level travel turns spent in this place.
 E = Turns spent auto-exploring this place as a percentage of non-inter-level travel turns spent in this place.
 F = Non-inter-level travel turns spent in this place divided by the number of levels of this place that you've seen.
                   A       B       C       D       E      F
               +-------+-------+-------+-------+-------+----------------------
         Total | 100.0 | 100.0 |   8.1 |  37.3 |  46.5 | 1272.0
       Dungeon |  98.4 |  98.4 |   8.0 |  38.0 |  45.7 | 1408.0
        Temple |   1.6 |   1.6 |   9.8 |   0.0 |  92.4 | 184.0
               +-------+-------+-------+-------+-------+----------------------

Table legend:
 A = Kills in this place as a percentage of kills in entire the game.
 B = Kills by you in this place as a percentage of kills by you in the entire game.
 C = Kills by friends in this place as a percentage of kills by friends in the entire game.
 D = Other kills in this place as a percentage of other kills in the entire game.
 E = Experience gained in this place as a percentage of experience gained in the entire game.
 F = Experience gained in this place divided by the number of levels of this place that you have seen.
                   A       B       C       D       E      F
               +-------+-------+-------+-------+-------+----------------------
         Total | 100.0 | 100.0 |   N/A | 100.0 | 100.0 | 451.7
       Dungeon | 100.0 | 100.0 |   N/A | 100.0 | 100.0 | 508.1
               +-------+-------+-------+-------+-------+----------------------
